 Dungeon Crawl Stone Soup version 0.22.1-2-g9c5b331 (webtiles) character file.

136 Thomus the Conjurer (level 4, -11/24 HPs)
             Began as a Deep Elf Conjurer on Nov 12, 2018.
             Mangled by Curus's ghost (15 damage)
             ... on level 3 of the Dungeon.
             The game lasted 00:08:20 (3923 turns).

Thomus the Conjurer (Deep Elf Conjurer)             Turns: 3923, Time: 00:08:21

Health: -11/24     AC:  6    Str:  5      XL:     4   Next: 98%
Magic:  0/11       EV: 13    Int: 20      God:
Gold:   171        SH:  0    Dex: 14 (16) Spells: 4/10 levels left

rFire    . . .     SeeInvis +   d - +0 short sword (speed)
rCold    . . .     Gourm    .   (no shield)
rNeg     . . .     Faith    .   a - +0 robe
rPois    .         Spirit   .   g - +2 helmet {SInv}
rElec    .         Reflect  .   s - +0 cloak
rCorr    .         Harm     .   (no gloves)
MR       .....                  (no boots)
Stlth    ++........             (no amulet)
HPRegen  0.08/turn              (no ring)
MPRegen  0.12/turn              (no ring)

@: no status effects
A: no striking features
a: no special abilities


You were on level 3 of the Dungeon.
You were not hungry.

You visited 1 branch of the dungeon, and saw 3 of its levels.

You collected 171 gold pieces.

Inventory:

Hand Weapons
 d - a +0 short sword of speed (weapon)
 n - a +4 dagger of holy wrath
 v - a +0 blowgun
Missiles
 p - 6 poisoned javelins (quivered)
 u - 3 poisoned needles
Armour
 a - a +0 robe (worn)
 g - a +2 helmet of see invisible (worn)
 j - a +2 shield
 s - a +0 cloak (worn)
Jewellery
 m - an uncursed ring of stealth {unknown}
Scrolls
 b - a scroll of fear {unknown}
 e - 2 scrolls of identify {unknown}
 h - 2 scrolls of teleportation {unknown}
 i - 3 scrolls of remove curse {unknown}
 q - 3 scrolls of fog {unknown}
Potions
 f - 2 potions of heal wounds {unknown}
 k - a potion of ambrosia {unknown}
 l - a potion of degeneration {unknown}
 o - a potion of magic {unknown}
 r - a potion of lignification {unknown}
Comestibles
 c - 5 rations


   Skills:
 + Level 2.9 Dodging
 + Level 3.3 Stealth
 + Level 3.8 Spellcasting
 + Level 6.1 Conjurations


You had 4 spell levels left.
You knew the following spells:

 Your Spells              Type           Power        Failure   Level  Hunger
a - Magic Dart            Conj           ####         1%          1    None
b - Searing Ray           Conj           ####..       1%          2    ##.....
c - Dazzling Spray        Conj/Hex       ###...       11%         3    ###....

Your spell library contained the following spells:

 Spells                   Type           Power        Failure   Level  Hunger
 Iskenderun's Mystic Bla  Conj           ####....     11%         4    ####...
 Force Lance              Conj/Tloc      ###.....     36%         4    ####...
 Fulminant Prism          Conj/Hex       ###.......   36%         4    ####...


Dungeon Overview and Level Annotations

Branches:
Dungeon (3/15)

Altars:
The Shining One

Annotations:
D:3 1 transporter, Curus's ghost, amateur MiFi


Message History

The quasit closely misses you.
The quasit claws you but does no damage. x2
Unknown command.
Casting: Searing Ray (safe; 1% risk of failure)
Confirm with . or Enter, or press ? or * to list all spells.
Aiming: Searing Ray (safe; 1% risk of failure)
Press: ? - help, Shift-Dir - straight line, f - Curus's ghost
Aim: Curus's ghost (severely damaged)
The searing ray hits Curus's ghost.
Curus's ghost is severely damaged. (Press . to maintain the ray.)
The quasit bites you but does no damage.
The quasit barely misses you.
The quasit claws you but does no damage.
Curus's ghost hits you but does no damage.
Without enough magic to sustain it, your searing ray dissipates.
The quasit bites you but does no damage.
The quasit closely misses you. The quasit misses you. Curus's ghost hits you!
Ouch! That really hurt!
You die...

#.....#...#...#.#.# #........
#########.##..##.#..#.# #.....)..
..........©#.#...#.##.###........
........+.##.....#$#.............
........#.#...#©(=!#©..##########
........#.# #...#..#..##
........#.##.#.....##.#
........#..#...#W#..#.# ########
........##.#...#@#..#.# #.......
........##.#...5...##.####'######
##.#######.###.©.###...........##
#.# #...#####...#.........'. #.#
#.........#.')........## #.#
#...........#...........
##.#######...........+...........
.........##..........#...........
.........##..........#...........


You could see a quasit and Curus's ghost.

Vanquished Creatures
  A quasit (D:3)
  2 adders
  An ooze (D:1)
  3 worms
  A dart slug (D:2)
  2 orcs (D:3)
  A ball python (D:2)
  11 bats
  2 giant cockroaches
  6 goblins
  8 hobgoblins
  4 jackals (D:3)
  6 frilled lizards
  10 kobolds
  13 rats
71 creatures vanquished.

Notes
Turn   | Place    | Note
-------+----------+-------------------------------------------
     0 | D:1      | Thomus the Deep Elf Conjurer began the quest for the Orb.
     0 | D:1      | Reached XP level 1. HP: 10/10 MP: 6/6
   198 | D:1      | Reached XP level 2. HP: 15/15 MP: 4/8
   235 | D:1      | Learned a level 2 spell: Searing Ray
   566 | D:1      | Reached skill level 5 in Conjurations
   834 | D:1      | Reached XP level 3. HP: 19/19 MP: 3/9
  1363 | D:2      | Learned a level 3 spell: Dazzling Spray
  1850 | D:2      | Found a glowing golden altar of the Shining One.
  2531 | D:3      | Noticed Curus's ghost (amateur MiFi)
  2610 | D:3      | Reached XP level 4. HP: 24/24 MP: 9/11
  2613 | D:3      | Found a transporter.
  2702 | D:3      | Found a transporter.
  3919 | D:3      | Reached skill level 6 in Conjurations
  3923 | D:3      | Mangled by Curus's ghost

Skill      XL: |  1  2  3  4 |
---------------+-------------+-----
Conjurations   | 5 6 |  6.1
Stealth        | 3 |  3.3
Dodging        | |  2.9
Spellcasting   | |  3.8

Action                   |  1- 3 |  4- 6 || total
-------------------------+-------+-------++-------
 Cast: Magic Dart        |   101 |    33 ||   134
       Searing Ray       |     1 |     5 ||     6
       Dazzling Spray    |       |     1 ||     1
  Eat: Chunk             |     5 |     4 ||     9
Armor: Robe              |     3 |    26 ||    29
Dodge: Dodged            |     7 |    29 ||    36
